 Dungeon Crawl Stone Soup version 0.23-a0-151-gf6d1ed2 (webtiles) character file.

905 Amnesiac the Magician (level 7, 0/46 HPs)
             Began as a Mummy Ice Elementalist on Sept 8, 2018.
             Was a Follower of Vehumet.
             Slain by a hound (5 damage)
             ... on level 5 of the Dungeon.
             The game lasted 00:09:09 (5398 turns).

Amnesiac the Magician (Mummy Ice Elementalist)      Turns: 5398, Time: 00:09:10

Health: 0/46       AC:  2    Str: 11    XL:     7   Next: 80%
Magic:  10/16      EV: 12    Int: 16    God:    Vehumet [*.....]
Gold:   293        SH:  0    Dex: 13    Spells: 11/19 levels left

rFire    x . .     SeeInvis .   h - +0 hunting sling (freeze)
rCold    + . .     Gourm    .   (no shield)
rNeg     + + +     Faith    .   a - +0 robe
rPois    ∞         Spirit   .   (no helmet)
rElec    .         Reflect  .   (no cloak)
rCorr    .         Harm     .   (no gloves)
MR       .....                  (no boots)
Stlth    ++........             (no amulet)
HPRegen  0.15/turn              (no ring)
MPRegen  0.15/turn              (no ring)

@: no status effects
A: no food or potions, fire vulnerability, cold resistance 1, negative energy
resistance 3, torment resistance, unbreathing
a: Renounce Religion


You were on level 5 of the Dungeon.
You worshipped Vehumet.
Vehumet was aware of your devotion.
You were not hungry.

You visited 2 branches of the dungeon, and saw 6 of its levels.

You collected 293 gold pieces.

Inventory:

Hand Weapons
 h - a +0 hunting sling of freezing (weapon)
Missiles
 e - 60 stones (quivered)
Armour
 a - a +0 robe (worn)
Wands
 c - a wand of scattershot (7)
Scrolls
 b - 3 scrolls of amnesia {!r}
 d - 2 scrolls of immolation {!r}
 f - 3 scrolls of identify {!r}
 g - 2 scrolls of remove curse {!r}


   Skills:
 - Level 1.5 Dodging
 - Level 1.5 Stealth
 - Level 6.5 Spellcasting
 + Level 2.7 Conjurations
 - Level 6.0 Ice Magic


You had 11 spell levels left.
You knew the following spells:

 Your Spells              Type           Power        Failure   Level  Hunger
a - Freeze                Ice            ###.         1%          1    N/A
d - Throw Icicle          Conj/Ice       ###.....     22%         4    N/A
z - Ozocubu's Armour      Chrm/Ice       ##......     12%         3    N/A

Your spell library contained the following spells:

 Spells                   Type           Power        Failure   Level  Hunger
 Flame Tongue             Conj/Fire      #....        8%          1    N/A
 Throw Frost              Conj/Ice       ###...       3%          2    N/A
 Summon Small Mammal      Summ           #...         13%         1    N/A
 Call Imp                 Summ           #.......     21%         2    N/A
 Call Canine Familiar     Summ           #.......     36%         3    N/A
 Summon Guardian Golem    Hex/Summ       #.......     36%         3    N/A
 Summon Ice Beast         Ice/Summ       ##......     36%         4    N/A
 Summon Lightning Spire   Summ/Air       #.......     78%         4    N/A

Dungeon Overview and Level Annotations

Branches:
Dungeon (5/15)             Temple (1/1) D:5

Altars:
Ashenzari
Cheibriados
Dithmenos
Elyvilon
Fedhas
Gozag
Hepliaklqana
Kikubaaqudgha
Makhleb
Nemelex Xobeh
Okawaru
Qazlal
Sif Muna
Trog
Uskayaw
Vehumet
Wu Jian
Xom
Yredelemnul
Zin
The Shining One

Annotations:
D:5 Prince Ribbit


Innate Abilities, Weirdness & Mutations

You do not eat or drink.
Your flesh is vulnerable to fire.
You are immune to poison.
Your flesh is cold resistant. (rC+)
You are immune to negative energy. (rN+++)
You are immune to unholy pain and torment.
You can survive without breathing.


Message History

Aiming: Freeze (safe; 1% risk of failure)
Press: ? - help, Shift-Dir - straight line, f - frilled lizard
Aim: a frilled lizard You freeze the frilled lizard.
You kill the frilled lizard!
Vehumet accepts your kill.
A worker ant comes into view.
Casting: Freeze (safe; 1% risk of failure)
Confirm with . or Enter, or press ? or * to list all spells.
You can't see any susceptible monsters within range! (Use Z to cast anyway.)
A hound comes into view.
Firing (i - inventory)
e - 64 stones (quivered)
Press: ? - help, Shift-Dir - straight line, f - hound
Aim: a hound You shoot a stone.
The stone closely misses the hound.
The hound barely misses you. The hound bites you.
Firing (i - inventory)
e - 63 stones (quivered)
Press: ? - help, Shift-Dir - straight line, f/p - hound
Aim: a hound You shoot a stone.
The stone barely misses the hound.
The hound bites you. The hound misses you.
Firing (i - inventory)
e - 62 stones (quivered)
Press: ? - help, Shift-Dir - straight line, f/p - hound
Aim: a hound You shoot a stone.
The stone closely misses the hound.
The hound bites you.
* * * LOW HITPOINT WARNING * * *
The hound bites you but does no damage.
Quiver which item? (- for none, * to show all) (? for menu, Esc to quit)
Okay, then.
Firing (i - inventory)
e - 61 stones (quivered)
Press: ? - help, Shift-Dir - straight line, f/p - hound
Aim: a hound You shoot a stone.
The stone closely misses the hound.
The hound barely misses you. The hound bites you.
* * * LOW HITPOINT WARNING * * *
Unknown command.
The hound bites you.
* * * LOW HITPOINT WARNING * * *
Prince Ribbit croaks regally.
Your magical contamination has completely faded away.
The hound bites you.
* * * LOW HITPOINT WARNING * * *
The hound bites you.
* * * LOW HITPOINT WARNING * * *
Casting: Freeze (safe; 1% risk of failure)
Confirm with . or Enter, or press ? or * to list all spells.
Aiming: Freeze (safe; 1% risk of failure)
Press: ? - help, Shift-Dir - straight line, f/p - hound
Aim: a hound You freeze the hound.
The hound is moderately wounded.
The hound bites you.
* * * LOW HITPOINT WARNING * * *
The hound misses you.
Unknown command.
Casting: Freeze (safe; 1% risk of failure)
Confirm with . or Enter, or press ? or * to list all spells.
Aiming: Freeze (safe; 1% risk of failure)
Press: ? - help, Shift-Dir - straight line, f/p - hound
Aim: a hound (moderately wounded)
You freeze the hound.
The hound is almost dead.
The hound bites you.
You die...

#. #.# ##### #.# ....# #.# ###.#
#.# #.# #.# #(####.########### ..
#.....%..<....@hF# #.#..
###..###.#########.# #.#.#
.........# #.# #.#.## ###..#####
#.#### #.#.. ###..###
#.##F###.#(# .......####
#.#.#.##.#.#
..)..P..P.########..###.h...#####
...................## ##.F.......
.####.P>P.#########.# #.##(.#####


You could see Prince Ribbit and a hound.

Vanquished Creatures
  2 ogres (D:5)
  A centaur (D:2)
  A scorpion (D:4)
  A howler monkey (D:5)
  A hound (D:5)
  7 orc wizards
  Jessica (D:3)
  6 worker ants
  Terence (D:3)
  A hound zombie (D:5)
  5 adders
  2 oozes (D:2)
  A worm (D:2)
  3 dart slugs
  3 leopard geckos
  6 orcs
  2 ball pythons
  2 giant cockroaches
  12 goblins
  7 hobgoblins
  2 jackals (D:1)
  3 quokkas (D:2)
  9 bats
  3 frilled lizards
  7 kobolds
  8 rats
97 creatures vanquished.

Vanquished Creatures (others)
  A centaur zombie (D:5)
1 creature vanquished.

Grand Total: 98 creatures vanquished

Notes
Turn   | Place    | Note
-------+----------+-------------------------------------------
     0 | D:1      | Amnesiac the Mummy Ice Elementalist began the quest for the
                  | Orb.
     0 | D:1      | Reached XP level 1. HP: 13/13 MP: 4/4
   218 | D:1      | Reached XP level 2. HP: 18/19 MP: 0/5
   617 | D:2      | Reached XP level 3. HP: 15/24 MP: 0/7
   622 | D:2      | Learned a level 3 spell: Ozocubu's Armour
  1102 | D:4      | Reached XP level 4. HP: 3/30 MP: 0/9
  1113 | D:4      | Learned a level 4 spell: Throw Icicle
  1349 | D:5      | Entered Level 5 of the Dungeon
  1618 | D:5      | Reached XP level 5. HP: 27/35 MP: 6/11
  1659 | D:3      | Found a white marble altar of Elyvilon.
  2161 | D:4      | Reached XP level 6. HP: 41/41 MP: 9/13
  2176 | D:3      | Reached skill level 5 in Spellcasting
  2176 | D:3      | Reached skill level 5 in Ice Magic
  3149 | D:5      | Found a staircase to the Ecumenical Temple.
  3156 | Temple   | Entered the Ecumenical Temple
  3197 | Temple   | Became a worshipper of Vehumet
  3887 | D:2      | Found a faded altar of an unknown god.
  4110 | D:2      | Reached XP level 7. HP: 36/46 MP: 9/15
  4528 | D:3      | Noticed Jessica
  4535 | D:3      | Killed Jessica
  4582 | D:3      | Reached * piety under Vehumet
  4582 | D:3      | Offered knowledge of Flame Tongue by Vehumet.
  4609 | D:3      | Noticed Terence
  4620 | D:3      | Killed Terence
  5208 | D:5      | Reached skill level 1 in Conjurations
  5374 | D:5      | Noticed Prince Ribbit
  5398 | D:5      | Slain by a hound

Vault maps used:
D:1:      ncdulo_smallfort, serial_co_window_serial, co_window_corner_a,
          co_window_of_opportunity_a, co_window_of_opportunity_a,
          co_window_corner_a, co_window_of_opportunity_a, co_window_paths_c,
          co_window_paths_c, co_window_corner_ca, co_window_sun,
          glass_columns_c, glass_columns_b, minmay_cupped
D:2:      serial_co_window_serial, co_window_paths_b, co_window_cross_1,
          co_window_paths_a, co_window_corner_a, co_window_corner_a,
          co_window_of_opportunity_b, co_window_broadway_b, co_window_corner_b,
          glass_columns_b, chequers_ecumenical_altar_simple
D:3:      lemuel_upstairs_altar, uniq_terence, uniq_jessica
D:4:      nicolae_ossuary_entry_ruins, first_ration, st_stairs_8,
          minmay_strange_pillars, minmay_a_box_with_orc_wizards_in_it
D:5:      minmay_temple_entry_overgrown, nrook_loot_triangle,
          kennysheep_generic_room_5, uniq_prince_ribbit1
Temple:   compressed_dpeg_circular_temple

Skill      XL: |  1  2  3  4  5  6  7 |
---------------+----------------------+-----
Ice Magic      | 3 4 5 6 |  6.0
Spellcasting   | 3 4 5 6 |  6.5
Conjurations   | 2 |  2.7
Dodging        | |  1.5
Stealth        | |  1.5

Action                   |  1- 3 |  4- 6 |  7- 9 || total
-------------------------+-------+-------+-------++-------
Melee: Unarmed           |    26 |     8 |       ||    34
       Spear             |       |     8 |    24 ||    32
 Fire: Hunting sling     |       |       |    15 ||    15
 Cast: Freeze            |    53 |    76 |    55 ||   184
       Ozocubu's Armour  |     1 |       |       ||     1
       Throw Icicle      |       |     5 |     3 ||     8
  Use: Scroll            |       |     5 |     1 ||     6
 Stab: Sleeping          |       |     3 |     3 ||     6
Armor: Robe              |    12 |     8 |     7 ||    27
Dodge: Dodged            |    39 |    60 |    32 ||   131

Table legend:
 A = Non-vault XP
 B = Vault XP
 C = Vault XP percentage of total XP
 D = Non-vault monster count
 E = Vault monster count
 F = Vault count percentage of total count
                 A         B        C        D         E       F
            +---------+---------+-------+---------+---------+-------
      Total |     977 |     316 |  24.4 |      84 |      14 |  14.3
            +---------+---------+-------+---------+---------+-------
        D:1 |      31 |      11 |  26.2 |      18 |       5 |  21.7
        D:2 |     195 |       0 |   0.0 |      24 |       0 |   0.0
        D:3 |     164 |      69 |  29.6 |      23 |       2 |   8.0
        D:4 |     181 |     193 |  51.6 |      10 |       5 |  33.3
        D:5 |     406 |      43 |   9.6 |       9 |       2 |  18.2
            +---------+---------+-------+---------+---------+-------
